 Dungeon Crawl Stone Soup version 0.27.0-1-g7a089689b8 (webtiles) character file.

Game seed: 7885376097972949877

276 oldmanjim the Sneak (level 6, -3/48 HPs)
             Began as a Formicid Warper on Aug 4, 2021.
             Was an Initiate of Gozag.
             Slain by a scorpion (6 damage)
             ... on level 5 of the Dungeon.
             The game lasted 00:30:25 (5403 turns).

oldmanjim the Sneak (Formicid Warper)               Turns: 5403, Time: 00:30:26

Health: -3/48      AC:  7    Str: 18    XL:     6   Next: 50%
Magic:  9/9        EV: 10    Int: 12    God:    Gozag
Gold:   72         SH:  0    Dex: 10    Spells: 9/9 levels left

rFire    . . .     SeeInvis +   a - +1 spear
rCold    . . .     Faith    .   (no shield)
rNeg     + . .     Spirit   .   x - +1 scale mail
rPois    .         Reflect  .   (helmet unavailable)
rElec    .         Harm     .   (no cloak)
rCorr    .         Rampage  .   (no gloves)
Will     .....                  (no boots)
Stlth    +.........             (no amulet)
HPRegen  0.16/turn              u - ring of positive energy
MPRegen  0.11/turn              (no ring)

@: no status effects
A: permanent stasis, dig shafts and tunnels, antennae 3, four strong arms
a: Dig, Shaft Self, Renounce Religion, Potion Petition, Call Merchant, Bribe
Branch


You were on level 5 of the Dungeon.
You worshipped Gozag.
Gozag was noncommittal.
You visited 1 branch of the dungeon, and saw 5 of its levels.
You also visited: Sewer.

You collected 93 gold pieces.
You paid 21 gold pieces to Gozag.

Inventory:

Hand Weapons
 a - a +1 spear (weapon)
 b - a +0 hunting sling
Missiles
 c - 5 boomerangs of dispersal
 d - 19 stones (quivered)
 k - 21 sling bullets
 n - 19 poisoned darts
Armour
 i - a +0 ring mail
 x - a +1 scale mail (worn)
 y - a +0 helmet
Jewellery
 u - a ring of positive energy (left hand)
Scrolls
 f - a scroll of fear
 g - a scroll of noise {unknown}
 h - a scroll of magic mapping {unknown}
 o - a scroll of enchant weapon
 q - 2 scrolls of enchant armour
Potions
 e - a potion of lignification {unknown}
 j - a potion of brilliance {unknown}
 l - 3 potions of curing {unknown}
 p - a potion of flight {unknown}
 r - 3 potions of heal wounds {unknown}
 s - 4 potions of invisibility
 t - a potion of might {unknown}
 w - a potion of degeneration {unknown}
 z - a potion of resistance {unknown}
 A - a potion of experience {unknown}


   Skills:
 + Level 3.8 Fighting
 + Level 3.5 Polearms
 - Level 1.0 Throwing
 + Level 3.3 Armour
 - Level 1.7 Dodging
 + Level 3.9 Stealth
 - Level 2.1 Spellcasting
 - Level 2.6 Translocations


You had 9 spell levels left.
You didn't know any spells.
Your spell library contained the following spells:

 Spells                   Type           Power      Damage    Failure   Level
 Apportation              Tloc           14%        N/A       28%         1
 Animate Skeleton         Necr           2%         N/A       63%         1
 Beastly Appendage        Tmut           2%         N/A       63%         1
 Corona                   Hex            1%         N/A       63%         1
 Foxfire                  Conj/Fire      4%         2x1d4     63%         1
 Summon Small Mammal      Summ           4%         N/A       63%         1
 Gell's Gravitas          Tloc           3%         N/A       63%         3
 Lesser Beckoning         Tloc           3%         N/A       63%         3
 Teleport Other           Tloc           7%         N/A       63%         3
 Passwall                 Tmut/Erth      0%         N/A       77%         2
 Slow                     Hex            1%         N/A       77%         2
 Wereblood                Tmut           1%         N/A       77%         2
 Confusing Touch          Hex            1%         N/A       94%         3
 Dazzling Flash           Conj/Hex       2%         N/A       94%         3
 Spider Form              Tmut/Pois      0%         N/A       94%         3
 Bolt of Magma            Conj/Fire/Erth 0%         4d4       100%        5
 Manifold Assault         Tloc           7%         N/A       100%        5
 Yara's Violent Unravell  Hex/Tmut       0%         3d3       100%        5
 Invisibility             Hex            0%         N/A       100%        6
 Blink                    Tloc           Unusable   N/A       N/A         2
 Swiftness                Air            Unusable   N/A       N/A         3

Dungeon Overview and Level Annotations

Branches:
Dungeon (5/15)              Sewer (visited)
 Temple: D:4-7

Altars:
Ashenzari
Gozag
Xom
Zin

Annotations:
D:3 1 runed translucent door, exclusion: door, Exaltedone87's ghost, amateur GrWn


Innate Abilities, Weirdness & Mutations

You cannot be hasted, slowed, berserked, paralysed or teleported.
You can dig through walls and to a lower floor.
You have a pair of large antennae on your head. (SInv)
Your four strong arms can wield two-handed weapons with a shield.


Message History

You closely miss the scorpion.
The scorpion is lightly wounded.
The phantom hits you but does no damage.
The scorpion closely misses you.
You closely miss the scorpion.
The scorpion is lightly wounded.
The scorpion barely misses you. The phantom hits you.
* * * LOW HITPOINT WARNING * * *
You hit the scorpion but do no damage.
The scorpion is lightly wounded.
The scorpion stings you but does no damage.
The phantom hits you but does no damage.
The scorpion closely misses you.
You hit the scorpion.
The scorpion is lightly wounded.
The phantom hits you.
* * * LOW HITPOINT WARNING * * *
The scorpion stings you.
* * * LOW HITPOINT WARNING * * *
You hit the scorpion.
The scorpion is moderately wounded.
The phantom hits you.
* * * LOW HITPOINT WARNING * * *
The scorpion barely misses you.
You closely miss the scorpion.
The scorpion is moderately wounded.
The phantom hits you but does no damage.
The scorpion stings you but does no damage.
You barely miss the scorpion.
The scorpion is moderately wounded.
The scorpion closely misses you. The phantom barely misses you.
You closely miss the scorpion.
The scorpion is moderately wounded.
The scorpion stings you but does no damage.
The phantom hits you.
* * * LOW HITPOINT WARNING * * *
Are you sure you want to shaft yourself?
The scorpion stings you.
You die...
Your body crumbles into a pile of gold.

$ ...#
###...#
.(.>. ###.
##$.# .....
#.<###....#
##..#.....#
#.........
##sW.....^
#@#..#...
#...#..# ##
......##..#
#.###...#
.... $
#.... .....
$ .....
.... ......
........


You could see a phantom and a scorpion.

Vanquished Creatures
  A water moccasin skeleton (D:4)
  A hound (D:4)
  A howler monkey zombie (D:5)
  4 adders
  2 worms
  3 dart slugs
  4 orcs (D:3)
  5 bats
  3 endoplasms (D:4)
  5 giant cockroaches
  7 goblins
  13 hobgoblins
  14 jackals
  7 quokkas
  19 ball pythons
  11 frilled lizards
  A jackal skeleton (D:4)
  15 kobolds
  11 rats
127 creatures vanquished.

Vanquished Creatures (others)
  A ball python (D:2)
  A kobold (D:3)
  A rat (D:3)
  21 plants
24 creatures vanquished.

Grand Total: 151 creatures vanquished

Notes
Turn   | Place    | Note
-------+----------+-------------------------------------------
     0 | D:1      | oldmanjim the Formicid Warper began the quest for the Orb.
     0 | D:1      | Reached XP level 1. HP: 16/16 MP: 3/3
   143 | D:1      | Reached XP level 2. HP: 21/23 MP: 5/5
   146 | D:1      | Reached skill level 1 in Stealth
   705 | D:1      | Reached XP level 3. HP: 26/28 MP: 6/6
  1373 | D:2      | Reached XP level 4. HP: 34/34 MP: 7/7
  2491 | D:3      | Found a shimmering altar of Xom.
  2494 | D:3      | Reached XP level 5. HP: 40/41 MP: 8/8
  2748 | D:3      | Got Qinoc's Papyrus of Igneous Enchantment
  2861 | D:3      | Found a runed translucent door.
  2970 | D:3      | Noticed a bullfrog
  2971 | D:3      | Noticed Exaltedone87's ghost (amateur GrWn)
  3431 | D:4      | Reached XP level 6. HP: 42/47 MP: 9/9
  3667 | D:4      | Found a glowing drain.
  3671 | Sewer    | Entered a sewer
  4998 | D:4      | Found an opulent altar of Gozag.
  4998 | D:4      | Found a broken altar of Ashenzari.
  5082 | D:4      | Became a worshipper of Gozag Ym Sagoz the Greedy
  5301 | D:4      | Found a glowing silver altar of Zin.
  5369 | D:5      | Entered Level 5 of the Dungeon
  5403 | D:5      | Slain by a scorpion

Illustrated notes

Levels and vault maps discovered:
D:1:      dpeg_arrival_windows_large_door, layout_basic
D:2:      minmay_diamond_boxcup, layout_basic, serial_forest,
          infiniplex_forest_lined_3_way, infiniplex_forest_clump_long,
          infiniplex_forest_lined_ring, infiniplex_forest_clump_small,
          infiniplex_forest_lined_4_way, infiniplex_forest_clump_diagonal,
          infiniplex_forest_clump_medium, chequers_serial_rivers_small_b,
          lemuel_old_faithful
D:3:      layout_basic, xom_confusion_cloud, ebering_ghost_sewer_d,
          minmay_quantized
D:4:      layout_basic, mainiacjoe_overflow_alcove_4,
          gammafunk_temple_overflow_statue, gup_sewer_entry_bowl,
          kennysheep_nub, chequers_serial_rivers_small_b
D:5:      layout_cave_pools, gammafunk_ghost_hive, abandoned_shop,
          nrook_pool_corridor

Skill      XL: |  1  2  3  4  5  6 |
---------------+-------------------+-----
Stealth        | 1 2 3 |  3.9
Armour         | 2 3 |  3.3
Fighting       | 3 |  3.8
Polearms       | 3 |  3.5
Throwing       | |  1.0
Dodging        | |  1.7
Spellcasting   | |  2.1
Translocations | |  2.6

Action                   |  1- 3 |  4- 6 || total
-------------------------+-------+-------++-------
Melee: Spear             |   145 |   321 ||   466
 Fire: Hunting sling     |    18 |    88 ||   106
Throw: Stone             |    12 |     1 ||    13
 Abil: Dig               |       |     4 ||     4
       Shaft Self        |       |     1 ||     1
  Use: Scroll            |       |     6 ||     6
 Stab: Sleeping          |       |     4 ||     4
Armor: Leather armour    |    26 |       ||    26
       Ring mail         |    11 |    34 ||    45
       Scale mail        |       |    66 ||    66
Dodge: Dodged            |    75 |   128 ||   203
